 Dungeon Crawl Stone Soup version 0.30-a0-728-gc68057be0a (webtiles) character file.

Game seed: 2774101619875134051

1043 hikkokomori the Slasher (level 8, -2/48 HPs)
             Began as a Tengu Gladiator on Jan 31, 2023.
             Slain by a gnoll
             ... wielding a +0 halberd
             ... led by a gnoll sergeant
              (5 damage)
             ... on level 5 of the Dungeon on Feb 1, 2023.
             The game lasted 00:07:55 (4634 turns).

hikkokomori the Slasher (Tengu Gladiator)           Turns: 4634, Time: 00:07:55

Health: -2/48      AC:  6    Str: 20    XL:     8   Next: 25%
Magic:  7/9        EV: 16    Int:  8    God:
Gold:   283        SH:  0    Dex: 19    Spells: 5/7 levels left

rFire   . . .      SeeInvis .    a - +0 long sword
rCold   . . .      Faith    .    (no shield)
rNeg    . . .      Spirit   .    k - +0 ring mail
rPois   .          Reflect  .    c - +0 hat
rElec   .          Harm     .    (no cloak)
rCorr   +          Rampage  .    I - +0 pair of gloves
Will    .....                    (boots unavailable)
Stlth   ++                       (no amulet)
HPRegen 0.28/turn                g - ring of resist corrosion
MPRegen 0.11/turn                x - +6 ring of strength

@: lethally poisoned (-2 -> -30), wereblooded, flying quickly and evasively,
quick
A: beak, talons 3, nimble flight
a: no special abilities


You were on level 5 of the Dungeon.
You visited 1 branch of the dungeon, and saw 5 of its levels.
You also visited: Ossuary.

You collected 283 gold pieces.

Inventory:

Hand Weapons
 a - a +0 long sword (weapon)
 l - a +0 sling
 B - a +0 dagger of electrocution
Missiles
 d - 4 throwing nets (quivered)
 e - a javelin
 C - 2 poisoned darts
Armour
 b - a +0 leather armour
 c - a +0 hat (worn)
 k - a +0 ring mail (worn)
 E - a +0 scale mail
 I - a +0 pair of gloves (worn)
Jewellery
 g - a ring of resist corrosion (left hand)
 q - a ring of flight
 r - a ring of positive energy
 x - a +6 ring of strength (right hand)
 O - a ring of protection from fire
Wands
 p - a wand of paralysis (6)
 s - a wand of quicksilver (1)
 y - a wand of flame (14)
 M - a wand of polymorph (3)
Scrolls
 f - 2 scrolls of enchant armour {unknown}
 j - 2 scrolls of magic mapping
 m - 2 scrolls of blinking
 t - 2 scrolls of identify {unknown}
 u - a scroll of vulnerability {unknown}
 w - 3 scrolls of teleportation
 z - a scroll of torment {unknown}
 D - a scroll of noise {unknown}
 G - 2 scrolls of silence
 H - a scroll of brand weapon {unknown}
 J - a scroll of enchant weapon {unknown}
 N - a scroll of poison {unknown}
Potions
 h - 2 potions of cancellation {unknown}
 i - 2 potions of curing
 n - a potion of might
 o - a potion of magic {unknown}
 v - a potion of brilliance {unknown}
 A - a potion of degeneration {unknown}
 F - 4 potions of lignification {unknown}
 K - a potion of berserk rage {unknown}
 L - a potion of invisibility {unknown}


   Skills:
 - Level 4.0 Fighting
 - Level 5.0 Long Blades
 - Level 2.0 Throwing
 - Level 1.7 Armour
 - Level 4.6 Dodging
 - Level 3.6 Stealth
 + Level 4.6 Transmutations
 - Level 1.1 Evocations


You had 5 spell levels left.
You knew the following spells:

 Your Spells              Type           Power      Damage    Failure   Level
a - Wereblood             Tmut           7%         N/A       16%         2

Your spell library contained the following spells:

 Spells                   Type           Power      Damage    Failure   Level
 Beastly Appendage        Tmut           14%        N/A       11%         1
 Spider Form              Tmut/Pois      3%         N/A       63%         3


Dungeon Overview and Level Annotations

Branches:
Dungeon (5/15)            Ossuary (visited)
 Temple: D:4-7

Altars:
Fedhas
Sif Muna
Wu Jian

Shops:
D:4 *(


Innate Abilities, Weirdness & Mutations

You have a beak for a mouth.
You have claws for feet.
Your magical nature lets you fly swiftly and evasively.


Message History

You howl as the wereblood boils in your veins!
You feel very sick.
The gnoll sergeant hits you from afar with a +4 spear of venom.
You are more poisoned.
You feel very sick. The gnoll sergeant closely misses you.
There is an open door here.
Things that are here:
a +0 club; an iguana corpse You are too injured to fight recklessly!
You are too injured to fight recklessly!
You are too injured to fight recklessly!
You are too injured to fight recklessly!
You are too injured to fight recklessly!
You are too injured to fight recklessly!
You are too injured to fight recklessly!
You are too injured to fight recklessly!
You are too injured to fight recklessly!
You are too injured to fight recklessly!
You are too injured to fight recklessly!
You are too injured to fight recklessly!
You are too injured to fight recklessly!
You are too injured to fight recklessly!
You are too injured to fight recklessly!
You are too injured to fight recklessly!
You are too injured to fight recklessly!
You are too injured to fight recklessly!
You are too injured to fight recklessly!
You feel better.
The gnoll sergeant hits you with a +4 spear of venom!
You are poisoned.
You hit the gnoll sergeant. Your kick misses the gnoll sergeant.
You peck the gnoll sergeant, but do no damage.
The gnoll sergeant is moderately wounded.
You feel very sick.
The gnoll sergeant hits you with a +4 spear of venom!
* * * LOW HITPOINT WARNING * * *
You are more poisoned.
The gnoll hits you from afar with a +0 halberd.
You die...

########......#.....###'######'#.
...#######....#.....#........#.##
.....#...#....#.....'........'...
.....#..>'....#.....#...)....#...
##...#####....#..##.#..........#.
##.†.###.....##..##.#############
.......#.....#....#...#
.......'.....#.)..#...#
###'##.#.....###@######
##..##.#####..gg..#
...........#......#
......<....#......#
...........#......#
...........#......#
############......# ########


You could see a gnoll sergeant and a gnoll.

Vanquished Creatures
  A water moccasin (D:5)
  Duvessa (D:4)
  2 elf zombies (Ossuary)
  2 scorpions (D:4)
  Dowan (D:4)
  3 hounds
  2 jellies (D:5)
  An orc priest (D:5)
  A human zombie (Ossuary)
  2 iguanas
  3 hound zombies (Ossuary)
  4 mummies
  2 gnolls (D:5)
  7 adders
  An ufetubus (D:5)
  4 adder zombies (Ossuary)
  8 orcs
  A ball python (D:3)
  13 endoplasms
  2 giant cockroaches
  8 goblins
  6 hobgoblins
  2 quokkas
  5 bats
  2 frilled lizards
  4 goblin zombies
  5 hobgoblin zombies
  4 jackal zombies (Ossuary)
  3 kobolds
  5 kobold zombies (Ossuary)
  4 orc zombies (Ossuary)
  5 quokka zombies (Ossuary)
  2 rat zombies (Ossuary)
116 creatures vanquished.

Notes
Turn   | Place    | Note
-------+----------+-------------------------------------------
     0 | D:1      | hikkokomori the Tengu Gladiator began the quest for the
                  | Orb.
     0 | D:1      | Reached XP level 1. HP: 12/12 MP: 2/2
   188 | D:1      | Reached XP level 2. HP: 16/17 MP: 3/3
   320 | D:1      | Reached skill level 1 in Stealth
   504 | D:2      | Found a faded altar of an unknown god.
   791 | D:2      | Reached XP level 3. HP: 22/22 MP: 4/4
  1340 | D:3      | Reached XP level 4. HP: 27/27 MP: 5/5
  1386 | D:3      | Reached skill level 4 in Long Blades
  1827 | D:3      | Found a blossoming altar of Fedhas.
  1836 | D:3      | Found an ornate altar of the Wu Jian Council.
  2232 | D:4      | Gained mutation: Your magical nature lets you fly swiftly
                  | and evasively. [Tengu growth]
  2232 | D:4      | Reached XP level 5. HP: 29/32 MP: 6/6
  2371 | D:4      | Noticed Duvessa
  2377 | D:4      | Noticed Dowan
  2382 | D:4      | Killed Duvessa
  2389 | D:4      | Killed Dowan
  2390 | D:4      | Reached XP level 6. HP: 15/37 MP: 7/7
  2535 | D:4      | Found Ogauruu's Gadget Gallery.
  2551 | D:4      | Reached skill level 1 in Armour
  2694 | D:4      | Learned a level 2 spell: Wereblood
  2862 | D:4      | Reached skill level 5 in Long Blades
  2862 | D:4      | Reached XP level 7. HP: 33/42 MP: 8/8
  2981 | D:4      | Found Uriocvunti's Weapon Emporium.
  3412 | D:5      | Entered Level 5 of the Dungeon
  3419 | D:5      | Reached skill level 1 in Evocations
  3538 | D:5      | Found a sand-covered staircase.
  3543 | D:5      | Reached skill level 1 in Transmutations
  3545 | Ossuary  | Entered an ossuary
  3991 | D:5      | Reached XP level 8. HP: 39/48 MP: 9/9
  4170 | D:5      | Found a shimmering blue altar of Sif Muna.
  4634 | D:5      | Slain by a gnoll

Illustrated notes

Levels and vault maps discovered:
D:1:      enne_arrival_octagon_isle, layout_rooms
D:2:      layout_basic, nicolae_ecumenical_pavilion
D:3:      layout_loops_corners, mainiacjoe_overflow_swirl,
          hangedman_glass_teeth, grunt_ministairs_9
D:4:      layout_loops_ring, serial_shops, kennysheep_mini,
          nicolae_eternal_life, nicolae_shop_gadgets, uniq_duvessa
D:5:      layout_gridville, mainiacjoe_overflow_paths,
          nicolae_ossuary_entry_giza

Skill      XL: |  1  2  3  4  5  6  7 |
---------------+----------------------+-----
Stealth        | 1 2 3 |  3.6
Long Blades    | 4 5 |  5.0
Dodging        | 4 |  4.6
Fighting       | 3 4 |  4.0
Armour         | 1 |  1.7
Evocations     | 1 |  1.1
Transmutations | 4 |  4.6
Throwing       | |  2.0

Action                     |  1- 3 |  4- 6 |  7- 9 || total
---------------------------+-------+-------+-------++-------
  Melee: Long sword        |    45 |    83 |   153 ||   281
         Kick              |    13 |    22 |    54 ||    89
         Peck              |     4 |    13 |    34 ||    51
         Punch             |     1 |       |     3 ||     4
   Fire: Sling             |     3 |       |       ||     3
   Cast: Wereblood         |       |       |     2 ||     2
    Use: Potion            |       |     4 |     1 ||     5
         Scroll            |       |       |     4 ||     4
   Stab: Sleeping          |     3 |     2 |     4 ||     9
 Armour: Leather armour    |     1 |       |       ||     1
         Ring mail         |     9 |    16 |    39 ||    64
  Dodge: Dodged            |    28 |    63 |   122 ||   213

Table legend: (Time is in decaauts)
 A = Elapsed time spent in this place.
 B = Non-inter-level travel time spent in this place.
 C = Inter-level travel time spent in this place.
 D = Time resting spent in this place.
 E = Time spent auto-exploring this place.
 F = Levels seen in this place.
 G = Mean time per level.
                   A        B        C        D        E       F      G
               +--------+--------+--------+--------+--------+-----+--------+
         Total |   4531 |   4376 |    155 |    146 |   3443 |   6 |  755.2 |
       Dungeon |   4176 |   4021 |    155 |    146 |   3253 |   5 |  835.2 |
       Ossuary |    354 |    354 |      0 |      0 |    190 |   1 |  354.0 |
               +--------+--------+--------+--------+--------+-----+--------+

Top non-repeatable levels by time:
     D:3: 1099 daAuts
     D:4: 1077 daAuts
     D:5: 822 daAuts
     D:2: 669 daAuts
     D:1: 508 daAuts
 Ossuary: 354 daAuts
